 Dungeon Crawl Stone Soup version 0.21.1-1-g345015fe64 (webtiles) character file.

1201 Nattfarinn the Changer (level 8, -2/37 HPs)
             Began as a Vine Stalker Transmuter on June 24, 2018.
             Was a Follower of Makhleb.
             Killed from afar by an orc wizard (8 damage)
             ... with a magic dart
             ... on level 6 of the Dungeon.
             The game lasted 00:13:31 (4860 turns).

Nattfarinn the Changer (Vine Stalker Transmuter)    Turns: 4860, Time: 00:13:32

Health: -2/37      AC:  4    Str: 17    XL:     8   Next: 44%
Magic:  0/16       EV: 12    Int: 13    God:    Makhleb [*.....]
Gold:   221        SH:  0    Dex: 16    Spells: 6/17 levels left

rFire    + . .     SeeInvis .     - Unarmed
rCold    . . .     Gourm    .   (shield currently unavailable)
rNeg     . . .     Faith    .   b - +0 robe
rPois    .         Spirit   +   (no helmet)
rElec    .         Reflect  .   (no cloak)
rCorr    .         Harm     .   (gloves currently unavailable)
MR       +....                  v - +1 pair of boots of the Soldier {rF+}
Stlth    +.........             (no amulet)
HPRegen  0.52/turn              k - +3 ring of strength
MPRegen  0.15/turn              (no ring)

@: blade hands (expiring)
A: fangs 3, regeneration 1, magic shield, antimagic bite, no potion heal 3, rot
immunity
a: End Transformation, Renounce Religion


You were on level 6 of the Dungeon.
You worshipped Makhleb.
Makhleb was aware of your devotion.
You were hungry.
You had blades for hands.
You visited 2 branches of the dungeon, and saw 7 of its levels.

You collected 221 gold pieces.

Inventory:

Hand Weapons
 p - a +0 rapier
Missiles
 a - 86 arrows
Armour
 b - a +0 robe (worn)
 v - the +1 pair of boots of the Soldier (worn) {rF+}
   (You found it on level 5 of the Dungeon)

   It protects you from fire.
 y - a cursed +0 pair of gloves (melded)
Jewellery
 h - a cursed amulet of inaccuracy {unknown}
 k - a +3 ring of strength (left scythe-like blade)
Scrolls
 e - 3 scrolls of remove curse {unknown}
 f - a scroll of amnesia {unknown}
 i - 4 scrolls of identify {unknown}
 l - a scroll of fear {unknown}
 n - 4 scrolls of teleportation {unknown}
 o - 3 scrolls of enchant weapon {unknown}
 t - 3 scrolls of noise {unknown}
 w - a scroll of random uselessness {unknown}
 x - a scroll of fog {unknown}
Potions
 g - 2 potions of curing
 j - a potion of invisibility
 m - a potion of ambrosia {unknown}
 q - a potion of mutation {unknown}
 r - a potion of flight {unknown}
 s - a potion of might {unknown}
 u - 2 potions of resistance {unknown}
 z - a potion of degeneration {unknown}
 A - 2 potions of heal wounds {unknown}
Books
 c - a book of Changes

   Spells                             Type                      Level
   a - Beastly Appendage              Transmutation                1
   b - Sticks to Snakes               Transmutation                2
   c - Spider Form                    Transmutation/Poison         3
   d - Ice Form                       Ice/Transmutation            4
   e - Blade Hands                    Transmutation                5
Comestibles
 d - 15 rations
 B - 5 chunks of flesh


   Skills:
 - Level 0.8 Fighting
 - Level 1.5 Dodging
 * Level 6.1 Unarmed Combat
 - Level 5.0 Spellcasting
 + Level 7.1 Transmutations


You had 6 spell levels left.
You knew the following spells:

 Your Spells              Type           Power        Failure   Level  Hunger
a - Beastly Appendage     Tmut           ###...       16%         1    None
b - Spider Form           Tmut/Pois      ##........   52%         3    ###....
c - Sticks to Snakes      Tmut           ###.....     19%         2    ##.....
d - Blade Hands           Tmut           ###.......   69%         5    ######.


Dungeon Overview and Level Annotations

Branches:
Dungeon (6/15)             Temple (1/1) D:4

Altars:
Ashenzari
Cheibriados
Dithmenos
Elyvilon
Hepliaklqana
Kikubaaqudgha
Makhleb
Nemelex Xobeh
Okawaru
Qazlal
Sif Muna
Trog
Uskayaw
Wu Jian
Xom
Yredelemnul
Zin

Annotations:
D:3 2 transporters
D:4 DEFINITELYNOTMATTIAS's ghost, amateur VSBe
D:5 Grinder


Innate Abilities, Weirdness & Mutations

You have razor-sharp teeth.
Your natural rate of healing is unusually fast.
When hurt, damage is shared between your health and your magic reserves.
Your bite disrupts and absorbs the magic of your enemies.
Potions cannot restore your health.
You are immune to rotting.


Message History

Your Unarmed Combat skill increases to level 6!
Items here: ))) [ †† The orc wizard points at you and mumbles some strange words.
You easily resist.
Found 12 gold pieces.
You barely miss the orc wizard. Your bite misses the orc wizard.
The orc wizard gestures at you while chanting.
The magic dart hits you!
* * * LOW HITPOINT WARNING * * *
The orc wizard hits you but does no damage.
You closely miss the orc wizard. Your bite misses the orc wizard.
The orc wizard gestures wildly while chanting.
The orc wizard blinks!
Your transformation is almost over.
The orc wizard points at you and mumbles some strange words.
The magic dart hits you!
* * * LOW HITPOINT WARNING * * *
The orc wizard points at you and mumbles some strange words.
The magic dart hits you!
You die...

# ## #? #.. #. . #.
#...#.##### #.
#..>....... ####+#.###
#.......#.# .........#
##...###..<# ......o$.+
............ .........#
####...###.# .......@.#
#...........
.........####.##.#.###.#
####....§.).........(...
###########.###.###.#
#.#........ #.#.#.###.[
#.#.#...... #########
#.#.####... #...)...#
#.#.#......


You could see an orc wizard.

Vanquished Creatures
  An orc warrior (D:6)
  3 ogres
  A sky beast (D:6)
  2 centaurs (D:6)
  A bullfrog (D:6)
  A scorpion (D:5)
  An orc wizard (D:5)
  2 orc priests
  A bullfrog skeleton (D:6)
  3 worker ants
  3 gnolls (D:6)
  6 adders
  A dart slug (D:1)
  2 worms (D:3)
  3 leopard geckos
  17 orcs
  14 bats
  3 giant cockroaches
  4 goblins
  6 hobgoblins
  2 jackals (D:3)
  12 kobolds
  A quokka (D:2)
  4 frilled lizards
  9 rats
103 creatures vanquished.

Vanquished Creatures (collateral kills)
  Sigmund (D:6)
  A bullfrog (D:6)
2 creatures vanquished.

Grand Total: 105 creatures vanquished

Notes
Turn   | Place    | Note
-------+----------+-------------------------------------------
     0 | D:1      | Nattfarinn the Vine Stalker Transmuter began the quest for the Orb.
     0 | D:1      | Reached XP level 1. HP: 9/9 MP: 4/4
   329 | D:1      | Reached XP level 2. HP: 14/14 MP: 6/6
  1084 | D:2      | Reached XP level 3. HP: 16/17 MP: 7/7
  1258 | D:2      | Found a glowing silver altar of Zin.
  1258 | D:2      | Found an ancient bone altar of Kikubaaqudgha.
  1272 | D:2      | Found a shattered altar of Ashenzari.
  1431 | D:2      | Found a bloodstained altar of Trog.
  1575 | D:2      | Reached skill level 3 in Transmutations
  2414 | D:3      | Gained mutation: Your natural rate of healing is unusually fast. [Vine Stalker growth]
  2414 | D:3      | Reached XP level 4. HP: 15/21 MP: 6/9
  2668 | D:3      | Found a faded altar of an unknown god.
  2772 | D:3      | Found a white marble altar of Elyvilon.
  2801 | D:3      | Reached XP level 5. HP: 25/25 MP: 8/10
  2830 | D:3      | Found an iron altar of Okawaru.
  2830 | D:3      | Noticed a two-headed ogre
  2832 | D:3      | Found a snail-covered altar of Cheibriados.
  2839 | D:3      | Found a transporter.
  2848 | D:3      | Noticed a troll
  2851 | D:3      | Found a transporter.
  2919 | D:4      | Reached skill level 4 in Transmutations
  2995 | D:4      | Found a hazy altar of Hepliaklqana.
  3016 | D:4      | Noticed an ogre
  3025 | D:4      | Killed an ogre
  3025 | D:4      | Reached XP level 6. HP: 16/29 MP: 10/12
  3146 | D:4      | Noticed DEFINITELYNOTMATTIAS's ghost (amateur VSBe)
  3474 | D:4      | Learned a level 3 spell: Spider Form
  3475 | D:4      | Found a staircase to the Ecumenical Temple.
  3490 | Temple   | Entered the Ecumenical Temple
  3557 | Temple   | Became a worshipper of Makhleb the Destroyer
  3609 | D:5      | Entered Level 5 of the Dungeon
  3658 | D:5      | Reached skill level 5 in Transmutations
  3755 | D:5      | Reached XP level 7. HP: 16/32 MP: 9/14
  3978 | D:5      | Got a pair of fine boots
  3984 | D:5      | Identified the +1 pair of boots of the Soldier {rF+} (You found it on level 5 of the Dungeon)
  4091 | D:5      | Noticed Grinder
  4096 | D:5      | Learned a level 2 spell: Sticks to Snakes
  4150 | D:6      | Reached skill level 5 in Unarmed Combat
  4258 | D:6      | Reached skill level 6 in Transmutations
  4329 | D:6      | Learned a level 5 spell: Blade Hands
  4475 | D:6      | Noticed Sigmund
  4512 | D:6      | Gained mutation: You have razor-sharp teeth. [Vine Stalker growth]
  4512 | D:6      | Reached XP level 8. HP: 36/37 MP: 3/16
  4600 | D:6      | Killed Sigmund
  4706 | D:6      | Reached skill level 5 in Spellcasting
  4819 | D:6      | Reached skill level 7 in Transmutations
  4842 | D:6      | Reached * piety under Makhleb
  4860 | D:6      | Killed from afar by an orc wizard

Skill      XL: |  1  2  3  4  5  6  7  8 |
---------------+-------------------------+-----
Transmutations | 3 4 5 6 7 |  7.1
Spellcasting   | 3 4 5 |  5.0
Unarmed Combat | 4 5 6 |  6.1
Fighting       | |  0.8
Dodging        | |  1.5

Action                   |  1- 3 |  4- 6 |  7- 9 || total
-------------------------+-------+-------+-------++-------
Melee: Unarmed           |   155 |   147 |   106 ||   408
       Bite              |    32 |    39 |    43 ||   114
       Punch             |     2 |     2 |     3 ||     7
 Cast: Spider Form       |       |     1 |       ||     1
       Sticks to Snakes  |       |       |    15 ||    15
       Blade Hands       |       |       |     1 ||     1
  Use: Potion            |       |     1 |     1 ||     2
 Stab: Sleeping          |     2 |     1 |     2 ||     5
  Eat: Chunk             |     5 |     4 |     4 ||    13
Armor: Robe              |    39 |    15 |    31 ||    85
Dodge: Dodged            |   106 |    77 |    56 ||   239
